 Dungeon Crawl Stone Soup version 0.27-a0-1232-gc6a4cbde82 (webtiles) character file.

Game seed: 12131308145219171237

545 avis the Grave Robber (level 7, 0/55 HPs)
             Began as a Deep Dwarf Necromancer on June 8, 2021.
             Slain by Duvessa
             ... wielding a +0 short sword
              (9 damage)
             ... on level 5 of the Dungeon on June 9, 2021.
             The game lasted 00:27:55 (5966 turns).

avis the Grave Robber (Deep Dwarf Necromancer)      Turns: 5966, Time: 00:27:55

Health: 0/55       AC:  3    Str: 11    XL:     7   Next: 6%
Magic:  0/11       EV: 12    Int: 18    God:
Gold:   189        SH:  5    Dex: 13    Spells: 8/12 levels left

rFire    . . .     SeeInvis .   a - +0 flail
rCold    . . .     Faith    .   A - +0 buckler
rNeg     . . .     Spirit   .   d - +0 robe
rPois    .         Reflect  .   (no helmet)
rElec    .         Harm     .   (no cloak)
rCorr    .         Rampage  .   (no gloves)
Will     +....                  e - +0 pair of boots
Stlth    +++.......             (no amulet)
HPRegen  0.00/turn              (no ring)
MPRegen  0.12/turn              (no ring)

@: no status effects
A: damage resistance, heal wounds, sense surroundings 1, no regeneration
a: Heal Wounds


You were on level 5 of the Dungeon.
You visited 1 branch of the dungeon, and saw 5 of its levels.

You collected 189 gold pieces.

Inventory:

Hand Weapons
 a - a +0 flail (weapon)
 b - a +0 hunting sling
 k - a +0 short sword
 p - a +0 club
 x - a +0 hand axe
 F - a +0 short sword
Missiles
 c - 116 stones
 f - 2 throwing nets
 h - 7 boomerangs
 j - 7 atropa-tipped darts
 l - 91 arrows
 s - 17 sling bullets
Armour
 d - a +0 robe (worn)
 e - a +0 pair of boots (worn)
 q - a +0 chain mail
 u - a +0 ring mail
 z - a +0 cloak
 A - a +0 buckler (worn)
 C - a +2 tower shield
 G - a +0 kite shield
Wands
 B - a wand of acid (9)
Scrolls
 g - 4 scrolls of enchant weapon {unknown}
 i - a scroll of amnesia {unknown}
 n - a scroll of vulnerability {unknown}
 o - a scroll of silence {unknown}
 r - a scroll of immolation {unknown}
 t - a scroll of teleportation {unknown}
 v - 2 scrolls of identify {unknown}
 y - a scroll of fear {unknown}
Potions
 m - 3 potions of lignification {unknown}
 w - 3 potions of haste {unknown}
 D - a potion of cancellation {unknown}
 E - a potion of mutation {unknown}


   Skills:
 - Level 2.1 Dodging
 - Level 5.0 Stealth
 * Level 3.4 Shields
 - Level 3.0 Spellcasting
 + Level 7.0 Necromancy


You had 8 spell levels left.
You knew the following spells:

 Your Spells              Type           Power      Damage    Failure   Level
a - Pain                  Necr           100%       1d9       1%          1
d - Vampiric Draining     Necr           13%        2d7       3%          3

Your spell library contained the following spells:

 Spells                   Type           Power      Damage    Failure   Level
 Animate Skeleton         Necr           54%        N/A       1%          1
 Animate Dead             Necr           13%        N/A       10%         4
 Apportation              Tloc           4%         N/A       17%         1
 Corona                   Hex            2%         N/A       17%         1
 Magic Dart               Conj           8%         1d3       17%         1
 Summon Small Mammal      Summ           8%         N/A       17%         1
 Blink                    Tloc           N/A        N/A       26%         2
 Call Imp                 Summ           2%         N/A       26%         2
 Searing Ray              Conj           4%         3d3       26%         2
 Slow                     Hex            2%         N/A       26%         2
 Agony                    Necr           27%        N/A       26%         5
 Conjure Flame            Conj/Fire      2%         6-21      45%         3
 Dazzling Flash           Conj/Hex       4%         N/A       45%         3
 Mephitic Cloud           Conj/Pois/Air  2%         N/A       45%         3
 Fulminant Prism          Conj/Hex       1%         3d6       86%         4
 Iskenderun's Mystic Bla  Conj/Tloc      2%         2d3       86%         4


Dungeon Overview and Level Annotations

Branches:
Dungeon (5/15)
 Temple: D:4-7

Altars:
Uskayaw
Xom

Annotations:
D:3 3 runed translucent doors, bobarctor's ghost, amateur DENe
D:4 Grinder
D:5 exclusion: phantom, Duvessa


Innate Abilities, Weirdness & Mutations

You are resistant to damage.
You can heal yourself by infusing magical energy.
You passively map a small area around you.
You do not regenerate.


Message History

Dowan points at you and mumbles some strange words.
You easily resist.
Dowan barely misses you.
Casting: Vampiric Draining (dangerous; 3% risk of failure)
Confirm with . or Enter, or press ? or * to list all spells.
Aiming: Vampiric Draining (dangerous; 3% risk of failure)
Press: ? - help, Shift-Dir - straight line, f/p - Dowan
Aim: Dowan, wielding a +0 dagger and wearing a +0 robe (heavily wounded)
You draw life force from Dowan!
You kill Dowan!
Duvessa weeps, then rights herself and shakes her weapon.
Duvessa goes berserk!
You feel life coursing into your body. Duvessa hits you with a +0 short sword!
Your Necromancy skill increases to level 7!
You have reached level 7!
Okay, then.
Duvessa barely misses you. You block Duvessa's attack.
You block Duvessa's attack. Duvessa barely misses you.
Duvessa hits you with a +0 short sword!
Duvessa rages.
Duvessa hits you with a +0 short sword! Duvessa hits you with a +0 short sword!
Casting: Vampiric Draining (dangerous; 3% risk of failure)
Confirm with . or Enter, or press ? or * to list all spells.
Aiming: Vampiric Draining (dangerous; 3% risk of failure)
Press: ? - help, Shift-Dir - straight line, f - Duvessa
Aim: Duvessa, wielding a +0 short sword and wearing a +2 leather armour of cold resistance (berserk)
You draw life force from Duvessa.
You feel life coursing into your body.
Duvessa hits you with a +0 short sword!!
* * * LOW HITPOINT WARNING * * *
Duvessa hits you with a +0 short sword.
* * * LOW HITPOINT WARNING * * *
Okay, then.
You feel much better. Duvessa hits you with a +0 short sword!
Duvessa hits you with a +0 short sword!
* * * LOW HITPOINT WARNING * * *
You fail to use your ability.
Duvessa hits you with a +0 short sword!
You die...

, #......e.......................
#..........#######.#.#.##.###..
*#.......##...........#.##.###..
#..............................
+..........#######.###.##.###..
#.......#......................
#.##'####..#######..##.##.#.##.
###....#.....#######..##.##......
..........)>....@e...............
.##..........#######..##.###..##.
.......#.##..#######..##.# #..##.
.#######..............##.# #..##.
.# ####..............###..... .#
#.#########.........#.. .# #.#
############. .# #.# #. .# #.# #.


You could see Duvessa (berserk).

Vanquished Creatures
  An ice beast (D:5)
  A black bear (D:3)
  A water moccasin zombie (D:5)
  Dowan (D:5)
  A centaur skeleton (D:3)
  3 iguanas (D:5)
  5 adders
  A worm (D:2)
  4 dart slugs
  2 orcs
  6 ball pythons
  6 bats
  10 endoplasms
  3 giant cockroaches
  14 goblins
  6 hobgoblins
  7 jackals
  11 kobolds
  2 quokkas (D:3)
  3 frilled lizards
  4 rats
92 creatures vanquished.

Notes
Turn   | Place    | Note
-------+----------+-------------------------------------------
     0 | D:1      | avis the Deep Dwarf Necromancer began the quest for the
                  | Orb.
     0 | D:1      | Reached XP level 1. HP: 15/15 MP: 3/3
   201 | D:1      | Reached XP level 2. HP: 14/22 MP: 2/4
   678 | D:1      | Found a faded altar of an unknown god.
   702 | D:1      | Reached XP level 3. HP: 9/28 MP: 2/6
   704 | D:1      | Reached skill level 5 in Necromancy
   708 | D:1      | Learned a level 3 spell: Vampiric Draining
  1477 | D:2      | Noticed a phantom
  2022 | D:2      | Reached XP level 4. HP: 36/36 MP: 3/7
  2945 | D:2      | Upgraded the game from 0.27-a0-1228-gfd60fd639a to
                  | 0.27-a0-1232-gc6a4cbde82
  3253 | D:3      | Found a hide-covered altar of Uskayaw.
  3279 | D:3      | Found a runed translucent gate.
  3279 | D:3      | Found a runed translucent gate.
  3280 | D:3      | Found a runed translucent gate.
  3282 | D:3      | Noticed bobarctor's ghost (amateur DENe)
  3495 | D:3      | Reached XP level 5. HP: 39/42 MP: 7/9
  4247 | D:4      | Noticed Grinder
  4331 | D:4      | Noticed a black bear
  4342 | D:3      | Killed a black bear
  4343 | D:3      | Reached skill level 6 in Necromancy
  4567 | D:5      | Entered Level 5 of the Dungeon
  4728 | D:4      | Noticed a necrophage
  4730 | D:4      | Reached XP level 6. HP: 48/49 MP: 10/10
  4826 | D:5      | Reached skill level 1 in Shields
  4897 | D:5      | Found a shimmering altar of Xom.
  5088 | D:5      | Noticed Dowan
  5102 | D:5      | Noticed an ice beast
  5111 | D:5      | Killed an ice beast
  5112 | D:5      | Reached skill level 5 in Stealth
  5378 | D:5      | Noticed Duvessa
  5947 | D:5      | Killed Dowan
  5948 | D:5      | Reached skill level 7 in Necromancy
  5948 | D:5      | Reached XP level 7. HP: 44/55 MP: 1/11
  5962 | D:5      | HP: 2/55 [Duvessa/+0 short sword (1)]
  5966 | D:5      | Slain by Duvessa

Illustrated notes

Levels and vault maps discovered:
D:1:      sevenhm_arrival_forest_fort_small_4, layout_basic,
          basic_ecumenical_altar, minmay_misc_feat_chi, hex_intersection
D:2:      minmay_razor_zed, layout_basic
D:3:      layout_rooms, lemuel_coloured_pillars_altar, ebering_ghost_rock_garden
D:4:      layout_loops_corners, uniq_grinder
D:5:      layout_basic, kennysheep_little_box, uniq_duvessa

Skill      XL: |  1  2  3  4  5  6 |
---------------+-------------------+-----
Spellcasting   | 2 3 |  3.0
Stealth        | 3 4 5 |  5.0
Necromancy     | 5 6 7 |  7.0
Shields        | 3 |  3.4
Dodging        | |  2.1

Action                   |  1- 3 |  4- 6 |  7- 9 || total
-------------------------+-------+-------+-------++-------
Melee: Short sword       |     4 |    44 |       ||    48
       Club              |     2 |       |       ||     2
 Fire: Hunting sling     |     3 |       |       ||     3
 Cast: Pain              |    59 |    88 |       ||   147
       Vampiric Draining |    10 |    18 |     1 ||    29
 Abil: Heal Wounds       |       |       |     1 ||     1
 Stab: Sleeping          |     2 |     3 |       ||     5
Armor: Robe              |    19 |    18 |       ||    37
Dodge: Dodged            |    61 |    40 |     2 ||   103
Block: Buckler           |       |     7 |     2 ||     9

Table legend: (Time is in decaauts)
 A = Elapsed time spent in this place.
 B = Non-inter-level travel time spent in this place.
 C = Inter-level travel time spent in this place.
 D = Time resting spent in this place.
 E = Time spent auto-exploring this place.
 F = Levels seen in this place.
 G = Mean time per level.
                   A        B        C        D        E       F      G
               +--------+--------+--------+--------+--------+-----+--------+
         Total |   5984 |   5780 |    204 |   1817 |   2674 |   5 | 1196.8 |
       Dungeon |   5984 |   5780 |    204 |   1817 |   2674 |   5 | 1196.8 |
               +--------+--------+--------+--------+--------+-----+--------+

Top non-repeatable levels by time:
     D:2: 1573 daAuts
     D:1: 1532 daAuts
     D:5: 1388 daAuts
     D:3: 1045 daAuts
     D:4: 443 daAuts
